AoeStats
← Paulo Silas

Yucatan

510445024Analyzed
4v4 RM · 10h ago on Oct 1, 2026· 50m 46s· 8 players
Game mode
Random Map
Map size
Large (8 player)
Population
200
Speed
Normal
Resources
Standard
Victory
Conquest
Starting age
Dark Age
Ending age
Imperial Age
RankedLock teamsTeams togetherTeam positionsShared explorationLock speedFull tech treeHidden civsTurbo modeCheats
Victory
Defeat
🇦🇷 Turks · Argentina
967
+16
🇺🇸 Inca · United States
939
+17
🇨🇳 Chinese · China
931
+18
🇵🇪 Franks · Peru
878
+20
🇦🇷 Mongols · Argentina
1137
-24
🇦🇷 Ethiopians · Argentina
967
-18
🇦🇷 Spanish · Argentina
904
-15
🇦🇷 Magyars · Argentina
866
-14
MetaGing
7:51 Loom
11:26 Feudal Age
11:56 Double-Bit Axe
11:54 Horse Collar
15:08 Champi Runner
20:25 Castle Age
19:11 Scale Mail Armor
19:11 Gold Mining
20:12 Forging
22:04 Wheelbarrow
22:11 Squires
24:35 Champi Warrior
31:46 Imperial Age
32:29 Chain Mail Armor
33:02 Iron Casting
33:50 Conscription
34:18 Plate Mail Armor
34:56 Blast Furnace
35:23 Fletching
37:01 Fabric Shields
44:06 Elite Champi Warrior
47:23 Caravan
47:54 Coinage
47:13 Elite Kamayuk
Tamerlane
0:27 Loom
9:33 Feudal Age
13:47 Castle Age
12:12 Double-Bit Axe
12:46 Horse Collar
14:56 Bow Saw
14:31 Horse Collar
19:17 Scale Barding Armor
19:37 Bloodlines
20:21 Forging
22:16 Heavy Plow
26:48 Gold Mining
29:48 Wheelbarrow
29:56 Fletching
33:36 Imperial Age
31:22 Hand Cart
30:52 Town Watch
31:50 Ballistics
32:38 Murder Holes
32:40 Bodkin Arrow
34:05 Great Wall
33:48 Capped Ram
35:18 Conscription
35:18 Rocketry
34:59 Bracer
35:00 Padded Archer Armor
35:52 Gold Shaft Mining
34:52 Crossbowman
35:37 Thumb Ring
34:54 Siege Ram
35:46 Arbalester
36:42 Leather Archer Armor
37:03 Iron Casting
38:47 Chemistry
37:58 Masonry
38:09 Elite Skirmisher
40:05 Ring Archer Armor
40:36 Blast Furnace
40:23 Chain Barding Armor
40:06 Town Patrol
39:34 Light Cavalry
40:16 Husbandry
42:20 Coinage
42:34 Plate Barding Armor
43:35 Two-Man Saw
42:51 Cavalier
49:19 Banking
51:38 Architecture
Myrmecia
13:51 Feudal Age
19:24 Castle Age
24:57 Imperial Age
28:24 Double-Bit Axe
30:01 Padded Archer Armor
33:12 Wheelbarrow
39:32 Bow Saw
41:58 Hand Cart
43:18 Fortified Wall
43:19 Masonry
43:17 Treadmill Crane
48:30 Gold Mining
50:37 Gold Shaft Mining
oO0Melow0Oo
15:38 Feudal Age
13:54 Loom
20:33 Castle Age
18:33 Double-Bit Axe
18:41 Gold Mining
22:01 Bow Saw
22:28 Gold Shaft Mining
22:30 Wheelbarrow
23:35 Hand Cart
24:33 Scale Barding Armor
28:15 Husbandry
30:53 Stone Mining
30:54 Pikeman
31:34 Squires
33:15 Chain Barding Armor
33:05 Forging
36:33 Iron Casting
36:13 Town Watch
36:49 Elite Skirmisher
36:56 Pikeman
37:36 Squires
47:58 Imperial Age
47:38 Scale Mail Armor
51:16 Plate Barding Armor
51:44 Blast Furnace
50:59 Chain Mail Armor
Salmonella Fitzgerald
6:59 Loom
10:38 Feudal Age
12:25 Double-Bit Axe
19:15 Castle Age
20:31 Bow Saw
21:11 Scale Barding Armor
22:41 Wheelbarrow
25:10 Pikeman
26:18 Chain Barding Armor
27:36 Corvinian Army
30:49 Hand Cart
36:29 Imperial Age
36:37 Elite Magyar Huszar
38:03 Plate Barding Armor
elpedritox
2:48 Loom
11:03 Feudal Age
12:43 Wheelbarrow
11:57 Double-Bit Axe
17:55 Bloodlines
21:11 Castle Age
21:03 Scale Barding Armor
21:00 Padded Archer Armor
20:50 Fletching
21:22 Horse Collar
22:57 Bow Saw
26:13 Husbandry
33:39 Chain Barding Armor
42:36 Imperial Age
42:41 Forging
saku
11:00 Feudal Age
17:13 Castle Age
16:26 Fletching
16:28 Double-Bit Axe
17:40 Padded Archer Armor
18:44 Gold Mining
19:50 Wheelbarrow
18:47 Crossbowman
20:21 Horse Collar
24:28 Thumb Ring
28:04 Bodkin Arrow
28:25 Leather Archer Armor
32:11 Imperial Age
31:29 Ballistics
31:56 Bow Saw
32:27 Arbalester
36:16 Chemistry
38:35 Bracer
39:05 Ring Archer Armor
Paulo Silas
4:07 Loom
9:30 Feudal Age
11:46 Double-Bit Axe
18:50 Castle Age
17:30 Padded Archer Armor
18:32 Fletching
21:50 Forging
21:46 Scale Barding Armor
32:43 Ballistics
33:23 Bodkin Arrow
34:48 Leather Archer Armor
35:37 Husbandry
40:48 Imperial Age
Connection lost

Rejoining the realm…

Still unreachable

The connection could not be restored.

Session expired

The server has moved on; the page needs a fresh start.